 Dungeon Crawl Stone Soup version 0.17.1-2-g5865329 (webtiles) character file.

7 CcS the Sneak (level 1, 0/7 HPs)
             Began as a Felid Enchanter on Feb 16, 2016.
             Slain by a giant cockroach (2 damage)
             ... on level 1 of the Dungeon.
             The game lasted 00:00:46 (286 turns).

CcS the Sneak (Felid Enchanter)                      Turns: 286, Time: 00:00:46

Health: 0/7        AC:  1    Str:  4    XL:     1   Next: 91%
Magic:  4/4        EV: 18    Int: 16    God:
Gold:   13         SH:  0    Dex: 16    Spells: 1 memorised, 3 levels left
                                        Lives:  0   Deaths: 0

rFire  . . .     SeeInvis +       - Unarmed
rCold  . . .     Clarity  .     (armour unavailable)
rNeg   . . .     SustAt   .     (shield unavailable)
rPois  .         Gourm    .     (helmet unavailable)
rElec  .         Spirit   .     (cloak unavailable)
rCorr  .         Warding  .     (gloves unavailable)
rMut   .         Stasis   .     (boots unavailable)
MR     .....                    (no amulet)
Stlth  ++++......               (no ring)
                                (no ring)

@: quick, not resistant to hostile enchantments, stealthy
A: no armour, no weapons or thrown items, claws 1, fangs 3, see invisible,
carnivore 3, speed 1, shaggy fur 1, slow metabolism 1, sharp paws
a: no special abilities


You were on level 1 of the Dungeon.
You were full.

You visited 1 branch of the dungeon, and saw 1 of its levels.

You collected 13 gold pieces.

Inventory:

Jewellery
 d - an uncursed amulet of warding {unknown}
   (You found it on level 1 of the Dungeon)
 e - an uncursed ring of stealth {unknown}
   (You found it on level 1 of the Dungeon)
Scrolls
 c - a scroll of noise {unknown}
Books
 a - a book of Maledictions
Comestibles
 b - a meat ration {@e2}


   Skills:
 - Level 2.6 Dodging
 + Level 4.9 Stealth
 - Level 1.0 Unarmed Combat
 - Level 2.0 Spellcasting
 - Level 4.4 Hexes


You had 3 spell levels left.
You knew the following spells:

 Your Spells              Type           Power        Failure   Level  Hunger
a - Corona                Hex            ###....      4%          1    #......


Dungeon Overview and Level Annotations

Branches:
Dungeon (1/15)

Altars:


Innate Abilities, Weirdness & Mutations

You cannot wear armour.
You are incapable of wielding weapons or throwing items.
You have sharp claws.
You have razor-sharp teeth.
You have supernaturally acute eyesight.
You are carnivorous and can eat meat at any time.
You cover ground quickly.
You are covered in fur (AC +1).
You have a slow metabolism.
Your sharp claws are effective at attacking unaware monsters.


Message History

A bat is nearby!
You don't know that spell.
You don't know that spell.
The bat misses you. The bat barely misses you.
Aim: a bat (chance to defeat MR: 84%)
The bat is outlined in light.
The bat misses you.
You now have 3/4 mp.
Unknown command.
You scratch the bat but do no damage. The bat completely misses you.
The bat hits you.
You take 1 damage, and have 6/7 hp.
You scratch the bat.
You kill the bat!
Health restored: 7 No target in view!
No target in view!
A giant cockroach comes into view.
MP restored: 4 A giant cockroach is nearby!
A giant cockroach is nearby!
A giant cockroach is nearby!
A giant cockroach is nearby!
A hobgoblin and a kobold come into view.
The kobold shouts!
The hobgoblin moves out of view.
A bat comes into view.
The kobold throws a stone.
The stone completely misses you.
Aim: a giant cockroach (chance to defeat MR: 84%)
The giant cockroach is outlined in light.
The hobgoblin shouts!
The giant cockroach closely misses you.
You now have 3/4 mp.
Unknown command.
The bat hits you.
You take 1 damage, and have 6/7 hp.
The bat misses you. The bat misses you. The bat closely misses you.
The bat barely misses you. The bat completely misses you.
Aim: a giant cockroach (softly glowing, clinging, chance to defeat MR: 84%)
The bat is outlined in light.
The bat closely misses you.
You now have 2/4 mp.
Unknown command.
You scratch the bat. The bat misses you.
You scratch the giant cockroach. The bat closely misses you.
The giant cockroach closely misses you.
You scratch the bat but do no damage. The bat barely misses you.
The bat misses you.
The giant cockroach completely misses you.
You barely miss the bat.
The giant cockroach stops glowing.
The bat hits you. The bat completely misses you.
The giant cockroach barely misses you. The giant cockroach misses you.
You take 1 damage, and have 5/7 hp.
The bat hits you but does no damage.
You barely miss the bat. The bat closely misses you.
The giant cockroach misses you.
You scratch the bat.
You kill the bat!
The giant cockroach completely misses you.
The kobold throws a stone.
The stone barely misses you.
The kobold throws a stone.
The stone hits you but does no damage.
You see here a stone.
The giant cockroach waves its antennae.
The giant cockroach waves its antennae.
MP restored: 4 The giant cockroach closely misses you.
Aim: a giant cockroach (lightly wounded, clinging, chance to defeat MR: 84%)
The giant cockroach barely resists.
The giant cockroach closely misses you. The giant cockroach closely misses you.
You now have 3/4 mp.
Unknown command.
You closely miss the giant cockroach. The giant cockroach misses you.
You barely miss the giant cockroach. The giant cockroach bites you.
You take 2 damage, and have 4/7 hp.
MASSIVE DAMAGE!!
You open the door. The giant cockroach misses you.
There is an open door here.
Aim: a giant cockroach (lightly wounded, clinging, chance to defeat MR: 84%)
You miscast Corona.
You are very lightly contaminated with residual magic.
Multicoloured lights dance before your eyes!
The giant cockroach closely misses you.
You now have 2/4 mp.
You scratch the giant cockroach but do no damage.
The giant cockroach bites you.
You take 1 damage, and have 3/7 hp.
Unknown command.
You barely miss the giant cockroach. The giant cockroach misses you.
Unknown command.
The kobold throws a stone.
The stone hits you.
* * * LOW HITPOINT WARNING * * *
You see here a stone.
You take 1 damage, and have 2/7 hp.
MP restored: 4 Your magical contamination has completely faded away.
A bat comes into view.
You pounce on the unaware helpless bat!
You claw the bat!
You kill the bat!
The giant cockroach bites you.
You die...

######'#####..##.................
..............##........K...####.
...............#......###.#.#
.............#.#......# #K#.#
.............#........# #g#.#
######'########.#+##### #.#.#
..)....# #.#.# #.#.# ########
#...# #.#.# ##@.# #.#.#
#.s#######.#.# ##>......g.#.#
###########


You could see a giant cockroach.

Vanquished Creatures
  A goblin (D:1)
  A hobgoblin (D:1)
  4 bats (D:1)
  A kobold (D:1)
7 creatures vanquished.

Notes
Turn   | Place    | Note
--------------------------------------------------------------
     0 | D:1      | CcS the Felid Enchanter began the quest for the Orb.
     0 | D:1      | Reached XP level 1. HP: 7/7 MP: 4/4
   286 | D:1      | Slain by a giant cockroach

Action                   || total
-------------------------++-------
Melee: Unarmed           ||    17
 Cast: Corona            ||     4
 Stab: Sleeping          ||     5
  Eat: Chunk             ||     3

Vault maps used:
D:1:      tarquinn_simple_flora_water_b

Table legend:
 A = Turns spent in this place as a percentage of turns spent in the entire game.
 B = Non-inter-level travel turns spent in this place as a percentage of non-inter-level travel turns spent in the entire game.
 C = Inter-level travel turns spent in this place as a percentage of turns spent in this place.
 D = Turns resting spent in this place as a percentage of non-inter-level travel turns spent in this place.
 E = Turns spent auto-exploring this place as a percentage of non-inter-level travel turns spent in this place.
 F = Non-inter-level travel turns spent in this place divided by the number of levels of this place that you've seen.
                   A       B       C       D       E      F
               +-------+-------+-------+-------+-------+----------------------
         Total | 100.0 | 100.0 |   0.0 |   0.0 |   9.5 | 137.0
       Dungeon | 100.0 | 100.0 |   0.0 |   0.0 |   9.5 | 137.0
               +-------+-------+-------+-------+-------+----------------------

Table legend:
 A = Kills in this place as a percentage of kills in entire the game.
 B = Kills by you in this place as a percentage of kills by you in the entire game.
 C = Kills by friends in this place as a percentage of kills by friends in the entire game.
 D = Other kills in this place as a percentage of other kills in the entire game.
 E = Experience gained in this place as a percentage of experience gained in the entire game.
 F = Experience gained in this place divided by the number of levels of this place that you have seen.
                   A       B       C       D       E      F
               +-------+-------+-------+-------+-------+----------------------
         Total | 100.0 | 100.0 |  -nan |  -nan | 100.0 |  11.0
       Dungeon | 100.0 | 100.0 |  -nan |  -nan | 100.0 |  11.0
               +-------+-------+-------+-------+-------+----------------------
